 Dungeon Crawl Stone Soup version 0.22-a0-580-gd5db89c (webtiles) character file.

203 Hebeh the Chopper (level 5, -8/47 HPs)
             Began as a Minotaur Fighter on July 2, 2018.
             Mangled by Pikel
             ... wielding a +0 whip of electrocution
              (17 damage)
             ... on level 4 of the Dungeon.
             The game lasted 00:06:47 (2515 turns).

Hebeh the Chopper (Minotaur Fighter)                Turns: 2515, Time: 00:06:48

Health: -8/47      AC: 12    Str: 21    XL:     5   Next: 51%
Magic:  4/4        EV:  4    Int:  5    God:
Gold:   139        SH:  9    Dex: 10    Spells: 4/4 levels left

rFire    + . .     SeeInvis .   a - +0 war axe
rCold    + . .     Gourm    .   c - +0 shield
rNeg     . . .     Faith    .   n - +0 plate armour
rPois    .         Spirit   .   (helmet restricted)
rElec    .         Reflect  .   b - scarf {rC+ rF+}
rCorr    .         Harm     .   (no gloves)
MR       .....                  (no boots)
Stlth    ..........             (no amulet)
HPRegen  0.15/turn              (no ring)
MPRegen  0.09/turn              (no ring)

@: no status effects
A: retaliatory headbutt, horns 2
a: no special abilities


You were on level 4 of the Dungeon.
You were not hungry.

You visited 1 branch of the dungeon, and saw 4 of its levels.

You collected 139 gold pieces.

Inventory:

Hand Weapons
 a - a +0 war axe (weapon)
 m - a +0 hunting sling
Armour
 b - a scarf of resistance (worn)
 c - a +0 shield (worn)
 n - a +0 plate armour (worn)
Jewellery
 r - a cursed ring of teleportation {unknown}
Wands
 s - a wand of iceblast (7)
Scrolls
 e - 4 scrolls of enchant armour {unknown}
 h - 3 scrolls of remove curse {unknown}
 j - a scroll of enchant weapon {unknown}
 k - 2 scrolls of amnesia {unknown}
 l - 4 scrolls of identify {unknown}
 p - a scroll of teleportation {unknown}
Potions
 d - 2 potions of might
 g - a potion of haste {unknown}
 i - 3 potions of curing {unknown}
 o - a potion of mutation {unknown}
 q - 2 potions of lignification {unknown}
Comestibles
 f - 8 rations
 t - 2 chunks of flesh


   Skills:
 + Level 4.6 Fighting
 * Level 4.8 Axes
 + Level 4.7 Armour
 + Level 4.6 Shields


You had 4 spell levels left.
You didn't know any spells.
Your spell library was empty.

Dungeon Overview and Level Annotations

Branches:
Dungeon (4/15)
 Temple: D:4-7

Altars:
Dithmenos
Makhleb
Sif Muna
Wu Jian

Annotations:
D:3 3 runed doors, Thaneod's ghost, amateur DEAE
D:4 Pikel


Innate Abilities, Weirdness & Mutations

You reflexively headbutt those who attack you in melee.
You have a pair of horns on your head.


Message History

That felt strangely unrewarding.
Your shield and plate armour prevent you from hitting Pikel.
You hit Pikel. Your headbutt misses Pikel.
Pikel is lightly wounded.
You block Pikel's attack.
You closely miss Pikel.
Pikel is lightly wounded.
Pikel hits you but does no damage. x2
You slash Pikel! Your headbutt misses Pikel.
Pikel is heavily wounded.
Pikel hits you with a whip of electrocution.
You hit Pikel.
Pikel is severely wounded.
Pikel hits you with a whip of electrocution.
You are electrocuted!
* * * LOW HITPOINT WARNING * * *
You slash Pikel!
Pikel is almost dead.
Pikel hits you but does no damage.
You are electrocuted!
You die...

######### #..)!.... #@#
#K# #+### ########p#
#...# #.......p#§ §§§
###'## #......#.§§§...§
.<...####......#§.§§.§§
!.
.....').'....>.+§§§.§§.
... .....####......#.#§
§§§§.§ .....#
#......#.# p§§§§#


You could see Pikel and 2 slaves.

Vanquished Creatures
  2 slaves (D:4)
  Ijyb (D:4)
  3 worker ants (D:4)
  5 adders
  An ooze (D:2)
  2 worms (D:2)
  A dart slug (D:2)
  2 leopard geckos
  An orc (D:3)
  7 goblins
  2 hobgoblins
  5 jackals
  8 kobolds
  5 bats
  3 frilled lizards
  5 rats
53 creatures vanquished.

Notes
Turn   | Place    | Note
-------+----------+-------------------------------------------
     0 | D:1      | Hebeh the Minotaur Fighter began the quest for the Orb.
     0 | D:1      | Reached XP level 1. HP: 19/19 MP: 0/0
   181 | D:1      | Reached XP level 2. HP: 19/27 MP: 1/1
   928 | D:2      | Reached XP level 3. HP: 33/33 MP: 2/2
  1323 | D:2      | Found a deep blue altar of Sif Muna.
  1327 | D:2      | Found an ornate altar of the Wu Jian Council.
  1374 | D:2      | Reached XP level 4. HP: 31/40 MP: 3/3
  1639 | D:3      | Found a burning altar of Makhleb.
  1838 | D:3      | Found a runed gate.
  1839 | D:3      | Found a runed gate.
  1839 | D:3      | Found a runed gate.
  1844 | D:3      | Noticed Thaneod's ghost (amateur DEAE)
  2132 | D:4      | Reached XP level 5. HP: 24/47 MP: 4/4
  2450 | D:4      | Noticed Ijyb
  2458 | D:4      | Killed Ijyb
  2485 | D:4      | Noticed a slave
  2485 | D:4      | Noticed a slave
  2485 | D:4      | Noticed a slave
  2485 | D:4      | Found a shadowy altar of Dithmenos.
  2495 | D:4      | Noticed a slave
  2503 | D:4      | Noticed Pikel
  2506 | D:4      | Killed a slave
  2509 | D:4      | Killed a slave
  2515 | D:4      | Mangled by Pikel

Vault maps used:
D:1:      scummos_arrival_hexagon
D:2:      chequers_temple_overflow_statue_of_worship
D:3:      lemuel_crystal_altar, first_ration, gammafunk_ghost_necromancy
D:4:      nicolae_dithmenos_the_darkroom, serial_shops, shop, uniq_pikel,
          uniq_ijyb

Skill      XL: |  1  2  3  4 |
---------------+-------------+-----
Axes           | 3 4 |  4.8
Shields        | 4 |  4.6
Fighting       | 4 |  4.6
Armour         | 4 |  4.7

Action                   |  1- 3 |  4- 6 || total
-------------------------+-------+-------++-------
Melee: War axe           |    85 |   103 ||   188
       Headbutt          |     8 |    17 ||    25
  Eat: Chunk             |     2 |     3 ||     5
Armor: Scale mail        |    52 |       ||    52
       Plate armour      |     7 |    64 ||    71
Dodge: Dodged            |    39 |    20 ||    59
Block: Shield            |    58 |    46 ||   104

Table legend:
 A = Spawn XP
 B = Non-spawn XP
 C = Spawn XP percentage of total XP
 D = Spawn monster count
 E = Non-spawn monster count
 F = Spawn count percentage of total count
 G = Total turns spent on level
                    A         B        C        D         E        F      G
               +---------+---------+-------+---------+---------+-------+---------
         Total |       0 |     291 |   0.0 |       0 |      51 |   0.0 |  2515
               +---------+---------+-------+---------+---------+-------+---------
           D:1 |       0 |      40 |   0.0 |       0 |      17 |   0.0 |   922
           D:2 |       0 |      82 |   0.0 |       0 |      19 |   0.0 |   686
           D:3 |       0 |      29 |   0.0 |       0 |      11 |   0.0 |   499
           D:4 |       0 |     140 |   0.0 |       0 |       4 |   0.0 |   408
               +---------+---------+-------+---------+---------+-------+---------
